 Dungeon Crawl Stone Soup version 0.27-a0-978-g2aa4ecdaef (webtiles) character file.

Game seed: 9551597543266254229

103 HendSelp the Magician (level 4, -5/24 HPs)
             Began as a Deep Elf Conjurer on Apr 14, 2021.
             Killed by nerve-wracking pain
             ... invoked by Grinder
              (11 damage)
             ... on level 3 of the Dungeon.
             The game lasted 00:01:36 (2164 turns).

HendSelp the Magician (Deep Elf Conjurer)           Turns: 2164, Time: 00:01:36

Health: -5/24      AC:  4    Str:  4    XL:     4   Next: 51%
Magic:  6/14       EV: 12    Int: 24    God:
Gold:   73         SH:  0    Dex: 13    Spells: 13/16 levels left

rFire    . . .     SeeInvis .   (no weapon)
rCold    . . .     Faith    .   (no shield)
rNeg     . . .     Spirit   .   a - +0 robe
rPois    .         Reflect  .   c - +0 helmet
rElec    .         Harm     .   (no cloak)
rCorr    +         Rampage  .   d - +0 pair of gloves
Will     .....                  (no boots)
Stlth    ++........             (no amulet)
HPRegen  0.08/turn              g - ring of resist corrosion
MPRegen  0.14/turn              (no ring)

@: no status effects
A: no striking features
a: no special abilities


You were on level 3 of the Dungeon.
You visited 1 branch of the dungeon, and saw 3 of its levels.

You collected 73 gold pieces.

Inventory:

Armour
 a - a +0 robe (worn)
 c - a +0 helmet (worn)
 d - a +0 pair of gloves (worn)
Jewellery
 g - a ring of resist corrosion (left hand)
Scrolls
 h - 2 scrolls of teleportation
Potions
 b - a potion of curing {unknown}
 e - 2 potions of might
 f - 2 potions of heal wounds {unknown}
 i - 2 potions of haste {unknown}
 j - a potion of attraction {unknown}


   Skills:
 - Level 2.4 Dodging
 - Level 2.4 Stealth
 + Level 6.5 Spellcasting
 - Level 4.3 Conjurations


You had 13 spell levels left.
You knew the following spells:

 Your Spells              Type           Power      Damage    Failure   Level
a - Magic Dart            Conj           100%       1d8       1%          1
b - Searing Ray           Conj           56%        3d5       1%          2

Your spell library contained the following spells:

 Spells                   Type           Power      Damage    Failure   Level
 Summon Small Mammal      Summ           28%        N/A       8%          1
 Dazzling Flash           Conj/Hex       36%        N/A       9%          3
 Call Imp                 Summ           7%         N/A       12%         2
 Call Canine Familiar     Summ           7%         N/A       22%         3
 Summon Guardian Golem    Hex/Summ       7%         N/A       22%         3
 Fulminant Prism          Conj/Hex       9%         3d7       30%         4
 Iskenderun's Mystic Bla  Conj/Tloc      18%        2d6       30%         4
 Summon Ice Beast         Ice/Summ       7%         N/A       58%         4
 Summon Lightning Spire   Summ/Air       7%         N/A       58%         4


Dungeon Overview and Level Annotations

Branches:
Dungeon (3/15)

Altars:
Dithmenos

Annotations:
D:3 Grinder


Message History

Found a shadowy altar of Dithmenos.
Unknown command.
The magic dart hits Grinder.
Grinder is lightly wounded.
Grinder gestures at you. Pain shoots through your body!
Unknown command.
The magic dart hits Grinder.
Grinder is lightly wounded.
Grinder is nearby!
Unknown command.
The magic dart hits Grinder.
Grinder is lightly wounded.
Grinder is nearby!
Unknown command.
The magic dart hits Grinder.
Grinder is moderately wounded.
The magic dart hits Grinder but does no damage.
Grinder is moderately wounded.
Grinder hits you.
You writhe in agony.
Grinder is nearby!
Casting: Magic Dart (safe; 1% risk of failure)
Confirm with . or Enter, or press ? or * to list all spells.
Aiming: Searing Ray (safe; 1% risk of failure)
Press: ? - help, Shift-Dir - straight line, f/p - Grinder
Aim: Grinder (moderately wounded, 23% to evade)
The searing ray hits Grinder!
Grinder is heavily wounded. (Press . to maintain the ray.) Grinder hits you.
You writhe in agony.
* * * LOW HITPOINT WARNING * * *
The searing ray hits Grinder!
Grinder is severely wounded.
Grinder completely misses you.
Unknown command.
The searing ray misses Grinder.
Grinder says, "Mostly I couldn't keep them alive."
Grinder gestures at you. Pain shoots through your body!
You die...

.
#.#.##.######..#
#............#
####.#######.#
#.######..#
#.........#
########..#
..........#
###########.#
.......@....#
...###5###### #.
#. #. .. .. _.


You could see Grinder.

Vanquished Creatures
  5 adders (D:2)
  A worm (D:2)
  A dart slug (D:1)
  6 ball pythons
  3 bats
  5 endoplasms
  A giant cockroach (D:3)
  4 goblins (D:1)
  9 hobgoblins
  4 jackals (D:1)
  4 kobolds
  A quokka (D:1)
  A frilled lizard (D:1)
  4 rats (D:1)
49 creatures vanquished.

Notes
Turn   | Place    | Note
-------+----------+-------------------------------------------
     0 | D:1      | HendSelp the Deep Elf Conjurer began the quest for the Orb.
     0 | D:1      | Reached XP level 1. HP: 10/10 MP: 6/6
   103 | D:1      | Reached skill level 4 in Spellcasting
   103 | D:1      | Reached XP level 2. HP: 15/15 MP: 0/9
   308 | D:1      | Found a faded altar of an unknown god.
   585 | D:1      | Reached XP level 3. HP: 19/19 MP: 1/11
   586 | D:1      | Reached skill level 5 in Spellcasting
  1035 | D:2      | Learned a level 2 spell: Searing Ray
  1609 | D:2      | Reached skill level 6 in Spellcasting
  1609 | D:2      | Reached XP level 4. HP: 24/24 MP: 11/14
  2154 | D:3      | Found a shadowy altar of Dithmenos.
  2154 | D:3      | Noticed Grinder
  2164 | D:3      | Killed from afar by Grinder

Illustrated notes

Levels and vault maps discovered:
D:1:      psy_arrival_conway, layout_rooms,
          hellmonk_ecumenical_altar_pennies_from_heaven
D:2:      layout_loops_corners, kennysheep_doodads
D:3:      layout_basic, old_standard_altar, nicolae_yredelemnul_corpse_copse,
          chequers_temple_overflow_statue_of_worship, portal_sewer_entry_f,
          grunt_ministairs_14, uniq_grinder

Skill      XL: |  1  2  3 |
---------------+----------+-----
Spellcasting   | 4 6 |  6.5
Dodging        | |  2.4
Stealth        | |  2.4
Conjurations   | |  4.3

Action                   |  1- 3 |  4- 6 || total
-------------------------+-------+-------++-------
 Cast: Magic Dart        |    71 |    24 ||    95
       Searing Ray       |       |     1 ||     1
  Use: Scroll            |     3 |       ||     3
Armor: Robe              |     1 |     1 ||     2
Dodge: Dodged            |     7 |     3 ||    10

Table legend: (Time is in decaauts)
 A = Elapsed time spent in this place.
 B = Non-inter-level travel time spent in this place.
 C = Inter-level travel time spent in this place.
 D = Time resting spent in this place.
 E = Time spent auto-exploring this place.
 F = Levels seen in this place.
 G = Mean time per level.
                   A        B        C        D        E       F      G
               +--------+--------+--------+--------+--------+-----+--------+
         Total |   2167 |   2080 |     87 |      4 |   1884 |   3 |  722.3 |
       Dungeon |   2167 |   2080 |     87 |      4 |   1884 |   3 |  722.3 |
               +--------+--------+--------+--------+--------+-----+--------+

Top non-repeatable levels by time:
     D:2: 1055 daAuts
     D:1: 1028 daAuts
     D:3: 83 daAuts
